Map: Radhuset Station LE

Players

Rook - Winner!

  • Race: Protoss Protoss
  • League: Platinum
  • Spawn Location: 7:00

Subwayeatn

  • Race: Protoss Protoss
  • League: Platinum
  • Spawn Location: 1:00

VOD

Have the link to the VOD?

Description

Time

  • Played on: Oct. 21, 2023, 3:37 p.m.
  • Length: 15:08
Show
View Real Time Build Order
Export as new Build Order

Rook Protoss - Winner!

Build Orders: 1 Gate Expand, Carriers 

Get SALT Encoding   

  12  0:00  Probe  
  13  0:16  Pylon  
  13  0:19  Probe  
  14  0:31  Probe  
  15  0:39  Gateway  
  15  0:43  Probe  
  15  0:46  Assimilator  
  16  0:56  Probe  
  17  1:08  Probe  
  18  1:20  Probe  
  19  1:26  Cybernetics Core  
  19  1:39  Nexus  
  19  1:45  Zealot  
  21  1:56  Probe  
  22  2:08  Pylon  
  22  2:18  Gateway  
  22  2:21  Twilight Council  
  22  2:29  Probe (Chrono Boost)  
  23  2:34  Zealot  
  25  2:39  Probe (Chrono Boost)  
  25  2:43  Probe (Chrono Boost), Warp Gate  
  27  2:55  Probe  
  27  2:58  Pylon  
  28  3:01  Probe  
  28  3:03  Zealot (Chrono Boost)  
  31  3:06  Zealot (Chrono Boost)  
  31  3:09  Charge  
  33  3:22  Probe  
  33  3:25  Zealot (Chrono Boost)  
  36  3:27  Zealot (Chrono Boost), Probe  
  39  3:36  Probe  
  40  3:41  Probe  
  40  3:47  Zealot  
  43  3:50  Zealot, Gateway, Probe  
  46  3:59  Probe  
  46  4:01  Gateway  
  47  4:12  Gateway, Probe  
  47  4:14  Probe  
  49  4:19  Zealot  
  49  4:20  Zealot  
  53  4:24  Probe  
  54  4:37  Pylon  
  54  4:42  Pylon  
  54  4:55  Probe  
  54  4:57  Zealot x3  
  61  5:02  Zealot  
  63  5:07  Probe  
  63  5:08  Probe  
  63  5:11  Assimilator  
  65  5:14  Assimilator  
  65  5:20  Probe  
  66  5:24  Zealot  
  66  5:25  Zealot  
  70  5:30  Pylon  
  70  5:32  Pylon  
  70  5:34  Pylon  
  70  5:36  Pylon  
  70  5:43  Nexus  
  70  5:48  Probe x2  
  72  5:54  Assimilator  
  72  6:00  Probe x2  
  70  6:06  Robotics Facility  
  70  6:29  Zealot x2  
  70  6:30  Zealot x3  
  71  6:41  Stargate  
  71  6:43  Stargate  
  62  6:51  Zealot  
  62  6:52  Zealot x3  
  62  6:58  Observer (Chrono Boost)  
  63  7:08  Probe x2  
  65  7:20  Probe  
  65  7:21  Probe  
  68  7:22  Observer  
  68  7:23  Zealot x2  
  62  7:32  Probe  
  62  7:33  Probe  
  61  7:44  Probe  
  61  7:45  Probe  
  61  7:50  Zealot x3  
  61  7:51  Zealot x2  
  73  8:08  Assimilator  
  73  8:10  Fleet Beacon, Assimilator  
  73  8:22  Nexus  
  73  8:23  Probe  
  73  8:24  Probe  
  75  8:35  Probe  
  75  8:36  Probe  
  77  8:48  Probe x2  
  79  9:01  Carrier x2  
  91  9:17  Pylon  
  91  9:23  Probe x2  
  93  9:35  Probe x2  
  96  9:47  Probe  
  101  9:59  Probe  
  102  10:01  Observer (Chrono Boost)  
  102  10:02  Mothership  
  102  10:05  Carrier (Chrono Boost)  
  102  10:06  Carrier (Chrono Boost)  
  103  10:13  Protoss Air Weapons Level 1  
  115  10:14  Observer (Chrono Boost)  
  116  10:34  Observer  
  117  10:41  Zealot x4  
  125  10:59  Nexus  
  125  11:04  Pylon  
  125  11:18  Carrier  
  125  11:19  Shield Battery  
  125  11:23  Carrier  
  127  11:38  Probe  
  127  11:39  Probe x2  
  130  11:51  Probe x3  
  133  12:11  Pylon  
  133  12:13  Pylon  
  133  12:22  Carrier  
  139  12:45  Carrier  
  145  13:16  Probe  
  145  13:17  Probe x3  
  149  13:26  Carrier  
  155  13:28  Probe  
  155  13:29  Probe x2  
  155  13:30  Probe  
  159  13:57  Carrier  
Show
View Real Time Build Order
Export as new Build Order

Subwayeatn Protoss 

Build Orders:  

Get SALT Encoding   

  12  0:00  Probe  
  13  0:13  Probe  
  14  0:18  Pylon  
  14  0:25  Probe  
  15  0:37  Probe  
  15  0:38  Gateway  
  16  0:49  Probe  
  17  1:01  Probe  
  18  1:05  Assimilator  
  18  1:13  Probe (Chrono Boost)  
  18  1:17  Gateway  
  20  1:25  Probe (Chrono Boost)  
  20  1:28  Zealot, Pylon  
  22  1:34  Probe (Chrono Boost)  
  23  1:51  Nexus  
  23  2:03  Cybernetics Core  
  23  2:07  Zealot  
  25  2:11  Probe  
  26  2:19  Zealot  
  28  2:24  Probe  
  29  2:32  Pylon  
  29  2:35  Zealot  
  31  2:39  Warp Gate  
  31  2:50  Assimilator, Probe  
  32  2:53  Stalker  
  34  3:02  Probe  
  35  3:10  Probe  
  36  3:14  Probe  
  36  3:19  Twilight Council  
  37  3:22  Probe  
  37  3:25  Pylon  
  38  3:45  Probe  
  38  3:46  Probe  
  40  3:49  Stalker x2  
  44  3:58  Probe x2  
  46  4:08  Assimilator, Pylon  
  46  4:10  Dark Shrine, Probe  
  46  4:11  Assimilator  
  46  4:14  Probe  
  48  4:31  Stalker x2  
  48  4:35  Probe x2  
  54  4:38  Pylon  
  54  4:46  Blink  
  54  5:03  Probe x2  
  54  5:06  Gateway  
  56  5:07  Sentry  
  56  5:08  Sentry, Gateway  
  56  5:10  Gateway  
  60  5:15  Probe  
  45  5:35  Dark Templar  
  45  5:36  Dark Templar  
  45  5:39  Probe x2  
  49  5:51  Forge  
  49  5:55  Probe  
  50  6:06  Dark Templar x3  
  36  6:57  Dark Templar x3  
  42  7:05  Dark Templar  
  42  7:08  Probe x2  
  36  7:33  Probe x2  
  36  7:42  Stalker x4  
  44  7:45  Probe x2  
  44  7:50  Zealot  
  46  7:56  Protoss Ground Armor Level 1  
  46  7:57  Probe  
  45  8:05  Pylon  
  45  8:06  Gateway  
  45  8:08  Gateway  
  45  8:11  Gateway  
  45  8:12  Zealot x5  
  53  8:16  Probe x2 (Chrono Boost)  
  57  8:23  Charge  
  57  8:25  Probe x2 (Chrono Boost)  
  59  8:43  Stalker x2  
  59  8:45  Zealot  
  65  9:02  Zealot x4  
  73  9:18  Photon Cannon  
  73  9:23  Probe  
  73  9:24  Probe  
  75  9:27  Stalker  
  77  9:32  Dark Templar  
  77  9:35  Probe  
  77  9:36  Probe  
  77  9:37  Dark Templar  
  83  9:40  Sentry  
  85  9:53  Pylon x2  
  85  10:01  Protoss Ground Armor Level 2  
  85  10:15  Nexus  
  85  10:28  Pylon  
  85  10:29  Pylon  
  85  10:34  Assimilator  
  85  10:35  Assimilator, Probe x2  
  87  10:38  Pylon  
  87  10:44  Robotics Facility  
  87  10:59  Dark Templar x3  
  87  11:35  Observer  
  88  11:46  Stalker x4  
  96  11:47  Stalker x3  
  96  11:48  Stalker  
  84  12:26  Protoss Ground Weapons Level 1  
  75  12:33  Stalker x4  
  75  12:34  Stalker x3  
  87  12:39  Probe  
  87  12:40  Probe x2  
  90  12:49  Observer  
  91  12:54  Probe x2  
  93  13:04  Pylon  
  92  13:10  Observer  
  92  13:50  Probe x2 (Chrono Boost)  
  95  13:55  Probe (Chrono Boost)  
  95  14:00  Probe x2 (Chrono Boost)  
  93  14:04  Probe (Chrono Boost)  
  93  14:05  Probe (Chrono Boost)  
  80  14:15  Stalker x4  
  80  14:16  Stalker x3  
  84  14:23  Probe x3  
  77  14:34  Stalker  
  63  14:57  Stalker x4  
Tags
 
Composition
Carriers
Matchup
PvP
Replay Pack
Multiplayer
Spawn Locations
Cross Positions
Add a new tag
Caveats
  • Supply blocks, unpowered buildings, or Contaminate may cause inaccurate times.
  • Supply counts are checked every 10 seconds.